 Dungeon Crawl Stone Soup version 0.29-a0-993-g4a18f31a58 (webtiles) character file.

Game seed: 7858306801957192446

240 vurker the Sneak (level 6, -1/31 HPs)
             Began as a Vine Stalker Enchanter on Aug 2, 2022.
             Was an Initiate of Gozag.
             Slain by a phantom (3 damage)
             ... on level 4 of the Dungeon.
             The game lasted 00:03:02 (2559 turns).

vurker the Sneak (Vine Stalker Enchanter)           Turns: 2559, Time: 00:03:03

Health: -1/31      AC:  2    Str: 12    XL:     6   Next: 8%
Magic:  0/19       EV: 12    Int: 15    God:    Gozag
Gold:   45         SH:  0    Dex: 15    Spells: 9/9 levels left

rFire   . . .      SeeInvis .   (no weapon)
rCold   . . .      Faith    .   (no shield)
rNeg    . . .      Spirit   +   b - +0 robe
rPois   .          Reflect  .   (no helmet)
rElec   .          Harm     .   (no cloak)
rCorr   .          Rampage  .   (no gloves)
Will    .....                   (no boots)
Stlth   +++.......              (no amulet)
HPRegen 0.90/turn               i - ring of magical power
MPRegen 0.16/turn               (no ring)

@: gold aura
A: fangs 2, regeneration 1, magic shield, antimagic bite, no potion heal 2
a: Renounce Religion, Potion Petition, Call Merchant, Bribe Branch


You were on level 4 of the Dungeon.
You worshipped Gozag.
Gozag was noncommittal.
You visited 1 branch of the dungeon, and saw 4 of its levels.

You collected 107 gold pieces.
You paid 62 gold pieces to Gozag.

Inventory:

Hand Weapons
 a - a +1 dagger
Armour
 b - a +0 robe (worn)
Jewellery
 i - a ring of magical power (left hand)
   (You found it on level 2 of the Dungeon)
Wands
 o - a wand of quicksilver (5)
   (You found it on level 3 of the Dungeon)
Scrolls
 d - a scroll of blinking {unknown}
 e - a scroll of poison {unknown}
 g - a scroll of vulnerability {unknown}
 j - 3 scrolls of teleportation {unknown}
 k - 3 scrolls of identify {unknown}
Potions
 c - 2 potions of invisibility
 f - 3 potions of curing {unknown}
 h - a potion of lignification {unknown}
 l - a potion of mutation {unknown}
 m - 2 potions of haste {unknown}
 n - a potion of heal wounds {unknown}


   Skills:
 + Level 2.3 Fighting
 * Level 3.7 Short Blades
 - Level 1.5 Dodging
 + Level 5.2 Stealth
 - Level 2.1 Spellcasting
 - Level 3.0 Hexes


You had 9 spell levels left.
You didn't know any spells.
Your spell library contained the following spells:

 Spells                   Type           Power      Damage    Failure   Level
 Ensorcelled Hibernation  Hex/Ice        12%        N/A       19%         2
 Confusing Touch          Hex            10%        N/A       19%         3
 Tukima's Dance           Hex            10%        N/A       19%         3
 Dazzling Flash           Conj/Hex       12%        N/A       34%         3
 Ignite Poison            Fire/Tmut/Pois 1%         N/A       54%         3
 Mephitic Cloud           Conj/Pois/Air  1%         N/A       54%         3
 Freezing Cloud           Conj/Ice/Air   0%         6-21      99%         5


Dungeon Overview and Level Annotations

Branches:
Dungeon (4/15)
 Temple: D:4-7

Altars:
Ashenzari
Gozag

Annotations:
D:3 Terence


Innate Abilities, Weirdness & Mutations

You have extremely sharp teeth.
Your natural rate of healing is unusually fast.
When hurt, damage is shared between your health and your magic reserves.
Your bite disrupts and absorbs the magic of your enemies.
Potions cannot restore your health.


Message History

You blink.
You hit the phantom. You bite the phantom, but do no damage.
The phantom hits you.
* * * LOW HITPOINT WARNING * * *
You hit the phantom but do no damage. Your bite misses the phantom.
The phantom hits you.
* * * LOW HITPOINT WARNING * * *
The phantom hits you.
* * * LOW HITPOINT WARNING * * *
The phantom blinks!
You blink.
You hit the phantom but do no damage. You bite the phantom.
You destroy the phantom!
The phantom barely misses you.
Your Stealth skill increases to level 5!
You have reached level 6!
You hit the phantom. You bite the phantom, but do no damage.
The phantom hits you.
* * * LOW HITPOINT WARNING * * *
The phantom blinks!
You blink.
Aim: a phantom (lightly damaged, 60% to hit)
The bolt of dispelling energy misses the phantom.
The phantom hits you!
* * * LOW HITPOINT WARNING * * *
The phantom blinks!
You blink.
Aim: a phantom (lightly damaged, 60% to hit)
The bolt of dispelling energy misses the phantom.
A phantom comes into view.
The phantom hits you.
* * * LOW HITPOINT WARNING * * *
The phantom blinks!
You blink.
Aim: a phantom (lightly damaged, 60% to hit)
The bolt of dispelling energy hits the phantom!
The phantom hits you.
* * * LOW HITPOINT WARNING * * *
The phantom blinks!
You blink.
You hit the phantom. Your bite misses the phantom. You hit the phantom.
Your bite misses the phantom.
A steam dragon comes into view.
The phantom hits you but does no damage. x2
The phantom barely misses you.
The steam dragon hisses angrily.
The phantom hits you.
* * * LOW HITPOINT WARNING * * *
There is a stone staircase leading down here.
You are now empty-handed.
The phantom hits you.
* * * LOW HITPOINT WARNING * * *
The phantom blinks!
You blink.
The phantom hits you.
You die...
Your body crumbles into a pile of gold.

#≈.≈._.≈.≈# #≈.≈...≈.≈#
#≈..≈≈≈..≈# #.≈≈≈≈≈≈≈.#
###.........##
#..#########.# ####
#..##.###$#..###
..<#.###.###....W..#..#
####............@W.#.## #
########'########..§.##..##.
...).........# #.§.D.......
#####........# ##$###.#...#
####........# #.# # .
#.....#...### #...#
#.##...<...# ###.# #
#........# .# #....#.....# #
$


You could see a steam dragon and 2 phantoms.

Vanquished Creatures
  An ogre (D:4)
  A phantom (D:4)
  A hound (D:4)
  2 dart slugs
  3 orcs (D:3)
  6 ball pythons
  An endoplasm (D:2)
  2 giant cockroaches (D:1)
  3 goblins
  7 hobgoblins
  3 quokkas
  6 bats
  2 frilled lizards (D:2)
  4 kobolds
  3 rats
45 creatures vanquished.

Notes
Turn   | Place    | Note
-------+----------+-------------------------------------------
     0 | D:1      | vurker the Vine Stalker Enchanter began the quest for the
                  | Orb.
     0 | D:1      | Reached XP level 1. HP: 9/9 MP: 4/4
    86 | D:1      | Reached skill level 1 in Short Blades
   340 | D:1      | Reached XP level 2. HP: 9/14 MP: 3/6
  1145 | D:2      | Reached skill level 4 in Stealth
  1303 | D:2      | Reached skill level 1 in Fighting
  1303 | D:2      | Reached XP level 3. HP: 16/18 MP: 7/7
  1490 | D:2      | Found a broken altar of Ashenzari.
  2257 | D:3      | Noticed Terence
  2471 | D:4      | Noticed an ogre
  2476 | D:4      | Killed an ogre
  2477 | D:4      | Gained mutation: Your natural rate of healing is unusually
                  | fast. [Vine Stalker growth]
  2477 | D:4      | Reached XP level 4. HP: 23/23 MP: 8/8
  2477 | D:4      | Reached XP level 5. HP: 26/26 MP: 9/9
  2508 | D:4      | Noticed a phantom
  2515 | D:4      | Found an opulent altar of Gozag.
  2525 | D:4      | Became a worshipper of Gozag Ym Sagoz the Greedy
  2534 | D:4      | Noticed a phantom
  2549 | D:4      | Killed a phantom
  2550 | D:4      | Reached skill level 5 in Stealth
  2550 | D:4      | Reached XP level 6. HP: 13/31 MP: 7/10
  2555 | D:4      | Noticed a steam dragon
  2558 | D:4      | HP: 1/31 [phantom (5)]
  2559 | D:4      | Slain by a phantom

Illustrated notes

Levels and vault maps discovered:
D:1:      lemuel_arrival_cross, layout_basic
D:2:      wander_river, layout_loops_ring, basic_altar
D:3:      layout_basic, mainiacjoe_overflow_alcove_2,
          nicolae_overflow_two_pavilions, uniq_terence, uniq_grinder
D:4:      layout_basic, mainiacjoe_overflow_paths, portal_sewer_entry_d,
          amcnicky_mini_corridor_feature

Skill      XL: |  1  2  3  4  5 |
---------------+----------------+-----
Short Blades   | 1 3 |  3.7
Stealth        | 4 5 |  5.2
Fighting       | 1 2 |  2.3
Dodging        | |  1.5
Spellcasting   | |  2.1
Hexes          | |  3.0

Action                   |  1- 3 |  4- 6 || total
-------------------------+-------+-------++-------
Melee: Dagger            |   104 |    18 ||   122
       Bite              |    25 |     5 ||    30
       Punch             |     1 |       ||     1
Evoke: Wand              |       |     3 ||     3
  Use: Scroll            |     1 |       ||     1
 Stab: Sleeping          |    13 |     3 ||    16
Armor: Robe              |    12 |     2 ||    14
Dodge: Dodged            |    60 |     3 ||    63

Table legend: (Time is in decaauts)
 A = Elapsed time spent in this place.
 B = Non-inter-level travel time spent in this place.
 C = Inter-level travel time spent in this place.
 D = Time resting spent in this place.
 E = Time spent auto-exploring this place.
 F = Levels seen in this place.
 G = Mean time per level.
                   A        B        C        D        E       F      G
               +--------+--------+--------+--------+--------+-----+--------+
         Total |   2575 |   2520 |     55 |      0 |   2136 |   4 |  643.8 |
       Dungeon |   2575 |   2520 |     55 |      0 |   2136 |   4 |  643.8 |
               +--------+--------+--------+--------+--------+-----+--------+

Top non-repeatable levels by time:
     D:1: 1137 daAuts
     D:2: 1028 daAuts
     D:4: 275 daAuts
     D:3: 133 daAuts
